 Dungeon Crawl Stone Soup version 0.26-a0-542-gbaa144ba5c (webtiles) character file.

Game seed: 6853894439773789338

76477 MrRokkomies the Nimble (level 15, -6/95 HPs)
             Began as a Tengu Venom Mage on Aug 18, 2020.
             Was a High Priest of Sif Muna.
             Mangled by a five-headed hydra (16 damage)
             ... on level 6 of the Lair of Beasts.
             The game lasted 01:03:20 (20310 turns).

MrRokkomies the Nimble (Tengu Venom Mage)          Turns: 20310, Time: 01:03:21

Health: -6/95      AC:  5    Str: 11    XL:     15   Next: 53%
Magic:  23/30      EV: 28    Int: 20    God:    Sif Muna [*****.]
Gold:   903        SH:  0    Dex: 14    Spells: 9/34 levels left

rFire    + . .     SeeInvis .   B - +3 battleaxe (flame)
rCold    . . .     Faith    .   (shield currently unavailable)
rNeg     + . .     Spirit   .   R - +1 leather armour of the Earth {rF+ rN+} (curse)
rPois    +         Reflect  .   o - +1 hat
rElec    .         Harm     .   (no cloak)
rCorr    .                      (no gloves)
MR       +....                  (boots unavailable)
Stlth    ++........             g - amulet of regeneration
HPRegen  0.65/turn              G - +4 ring of evasion
MPRegen  0.22/turn              p - ring of poison resistance

@: flying quickly and evasively, quick
A: beak, talons 3, able to fly
a: Stop Flying, Channel Magic, Forget Spell, Divine Exegesis, Renounce Religion


You were on level 6 of the Lair of Beasts.
You worshipped Sif Muna.
Sif Muna was extremely pleased with you.
You visited 3 branches of the dungeon, and saw 17 of its levels.
You also visited: Sewer and Volcano.

You collected 1819 gold pieces.
You spent 916 gold pieces at shops.

Inventory:

Hand Weapons
 a - a +0 vampiric rapier
 b - a +2 antimagic double sword
 B - a +3 battleaxe of flaming (weapon)
Missiles
 C - 3 throwing nets (quivered)
 M - 4 javelins
Armour
 o - a +1 hat (worn)
 R - the cursed +1 leather armour of the Earth (worn) {rF+ rN+}
   (You found it on level 6 of the Lair of Beasts)

   It protects you from fire.
   It protects you from negative energy.
   It has a curse placed upon it.
Jewellery
 g - an amulet of regeneration (around neck)
 p - a ring of poison resistance (right hand)
 s - an uncursed ring of positive energy
 y - an uncursed amulet of guardian spirit
 F - an uncursed ring of positive energy
 G - a +4 ring of evasion (left hand)
 K - a cursed -4 ring of evasion
 O - an uncursed ring of ice
Wands
 c - a wand of random effects (33)
 r - a wand of iceblast (18)
 u - a wand of disintegration (15)
 w - a wand of digging (5)
 x - a wand of paralysis (12)
 z - a wand of flame (35)
 L - a wand of polymorph (16)
 Q - a wand of acid (6)
Scrolls
 d - 6 scrolls of amnesia
 e - 5 scrolls of identify
 h - 4 scrolls of remove curse
 j - 3 scrolls of enchant armour
 q - 8 scrolls of teleportation
 t - 2 scrolls of fear
 A - a scroll of blinking
 H - a scroll of enchant weapon
Potions
 i - 2 potions of ambrosia
 k - 2 potions of mutation
 l - 11 potions of curing
 m - 2 potions of brilliance
 n - 2 potions of heal wounds
 v - 4 potions of lignification
 D - a potion of stabbing
 J - 2 potions of berserk rage
 N - a potion of resistance
 P - 3 potions of might
Miscellaneous
 I - a condenser vane (1/2)


   Skills:
 + Level 11.3 Fighting
 - Level 13.0 Dodging
 - Level 2.0 Stealth
 - Level 10.0 Spellcasting
 * Level 8.5 Conjurations
 - Level 0.7 Transmutations
 * Level 8.5 Air Magic
 - Level 9.0 Poison Magic
 + Level 12.3 Invocations


You had 9 spell levels left.
You knew the following spells:

 Your Spells              Type           Power        Failure   Level
a - Sting                 Tmut/Pois      ####         1%          1
b - Poisonous Vapours     Pois/Air       #####.       1%          2
c - Mephitic Cloud        Conj/Pois/Air  #####...     1%          3
d - Ignite Poison         Fire/Tmut/Pois ###.....     7%          3
e - Olgreb's Toxic Radia  Pois           #####...     2%          4
f - Static Discharge      Conj/Air       #####...     1%          3
g - Lightning Bolt        Conj/Air       #####.....   8%          5
h - Airstrike             Air            #####.....   2%          4

Your spell library contained the following spells:

 Spells                   Type           Power        Failure   Level
 Searing Ray              Conj           #####.       1%          2
 Swiftness                Air            #####...     1%          2
 Corpse Rot               Necr/Air       N/A          2%          2
 Spider Form              Tmut/Pois      ####......   3%          3
 Dazzling Flash           Conj/Hex       ####..       4%          3
 Corona                   Hex            ##.....      9%          1
 Passwall                 Tmut/Erth      ##......     12%         2
 Ensorcelled Hibernation  Hex/Ice        ##....       14%         2
 Fulminant Prism          Conj/Hex       ####......   16%         4
 Iskenderun's Mystic Bla  Conj/Tloc      ####....     16%         4
 Summon Lightning Spire   Summ/Air       ####....     16%         4
 Confusing Touch          Hex            ##......     26%         3
 Portal Projectile        Hex/Tloc       ##....       26%         3
 Tukima's Dance           Hex            ##......     26%         3
 Silence                  Hex/Air        ####......   41%         5
 Ice Form                 Ice/Tmut       ##......     61%         4
 Bolt of Magma            Conj/Fire/Erth ###.......   61%         5
 Dispel Undead            Necr           ##......     65%         4
 Leda's Liquefaction      Hex/Erth       ##........   65%         4
 Passage of Golubria      Tloc           N/A          65%         4
 Eringya's Noxious Bog    Tmut/Pois      ####......   88%         6
 Metabolic Englaciation   Hex/Ice        ##........   94%         5
 Iron Shot                Conj/Erth      ####......   94%         6
 Invisibility             Hex            ##......     100%        6
 Statue Form              Tmut/Erth      ##.......    100%        6
 Shatter                  Erth           ##........   100%        9


Dungeon Overview and Level Annotations

Branches:
Dungeon (9/15)             Temple (0/1) D:6            Lair (6/6) D:8
  Swamp (0/4) Lair:2        Snake (0/4) Lair:4          Orc (2/2) D:9
    Elf (0/3) Orc:2         Sewer (visited)         Volcano (visited)
  Slime: Lair:5-6

Altars:
Elyvilon
Okawaru
Qazlal
Sif Muna

Shops:
Orc:2 [??}(

Annotations:
Lair:4 Rupert
Orc:1 1 runed translucent door


Innate Abilities, Weirdness & Mutations

You have a beak for a mouth.
You have claws for feet.
You can fly continuously.


Message History

You destroy the plant!
The five-headed hydra is engulfed in blazing flames.
The crocodile is engulfed in blazing flames.
The crocodile is engulfed in blazing flames.
Casting: Ignite Poison (dangerous; 7% risk of failure)
Confirm with . or Enter, or press ? or * to list all spells.
Press: ? - help, Shift-Dir - straight line, f - five-headed hydra
Aim: a five-headed hydra (almost dead)
The ball explodes into a vile cloud!
The stinking cloud engulfs the five-headed hydra but does no damage.
The five-headed hydra is almost dead.
The stinking cloud engulfs the fungus but does no damage.
The fungus is moderately damaged.
You hear an angry hiss.
The five-headed hydra bites you!
* * * LOW HITPOINT WARNING * * *
The five-headed hydra bites you!
* * * LOW HITPOINT WARNING * * *
The five-headed hydra misses you. The five-headed hydra bites you!
You die...

### #.#### ### ##
.....# ##.####.#
....P# ###...§P.###
....P#
#....@D§☼..##
.....#
##...###○§.P.# ##
### ###..## ##....#
##.t.P###.#....
###...# #.#..##
#....P........
.#...## ##...#
##...†..##
###..P#####...#
#.##P.###
........##....## ##
####
.......###.#.#.#
.........###..##..#


You could see a five-headed hydra and a crocodile.

Vanquished Creatures
  Snorg (Lair:6)
  Harold (D:7)
  8 hydras
  3 two-headed ogres
  6 death yaks (Lair:5)
  Nergalle (Lair:4)
  A hell knight (Volcano)
  A salamander mystic (Volcano)
  An orc knight (Orc:2)
  3 orc sorcerers (Orc:2)
  6 salamanders (Volcano)
  3 elephants (Lair:6)
  5 black mambas
  Joseph (D:8)
  2 torpor snails (Lair:5)
  14 cane toads
  10 komodo dragons
  2 rime drakes
  2 trolls
  3 hornets (Lair:6)
  3 polar bears (Lair:6)
  3 blink frogs (Lair:4)
  2 slime creatures (Lair:6)
  4 dream sheep (Lair:6)
  5 hippogriffs
  A wraith (D:9)
  11 spriggans (Lair:6)
  3 wyverns
  3 basilisks
  A fire elemental (Lair:3)
  50 yaks
  Grum (D:9)
  A steam dragon (D:9)
  3 nagas (Lair:4)
  3 wargs (Orc:2)
  A two-headed ogre zombie (D:9)
  15 water moccasins
  33 orc warriors
  5 porcupines
  An ice beast (D:9)
  3 phantoms (D:9)
  3 black bears (Lair:6)
  A swamp drake (D:8)
  3 sky beasts
  2 eyes of draining (D:9)
  11 centaurs
  10 ogres
  4 boggarts (Lair:6)
  47 wolves
  12 crocodiles
  A gnoll sergeant (D:8)
  3 big kobolds
  14 bullfrogs
  A water moccasin zombie (D:9)
  A troll zombie (D:9)
  A scorpion (D:6)
  5 killer bees (D:9)
  3 howler monkeys
  3 wights (D:7)
  5 electric eels
  4 jellies
  A bullfrog zombie (D:6)
  4 hounds
  17 orc wizards
  2 gnoll shamans
  8 orc priests
  An iguana (D:9)
  5 hell rats
  6 worker ants
  6 ogre zombies (D:9)
  A worker ant zombie (D:6)
  11 gnolls
  10 adders
  2 shadow imps
  3 white imps
  An ufetubus (D:5)
  2 oozes
  An adder zombie (D:6)
  An adder skeleton (D:4)
  2 worms
  3 dart slugs
  5 leopard geckos
  58 orcs
  2 ball pythons
  11 bats
  5 giant cockroaches
  6 goblins
  9 hobgoblins
  4 jackals
  7 quokkas
  8 frilled lizards
  3 goblin zombies (D:9)
  2 hobgoblin skeletons (D:9)
  3 hobgoblin zombies (D:9)
  9 kobolds
  A leopard gecko skeleton (D:5)
  3 orc skeletons (D:9)
  14 orc zombies (D:9)
  2 quokka zombies
  14 rats
  A fungus (Lair:5)
  6 plants (Lair:6)
620 creatures vanquished.

Vanquished Creatures (others)
  5 bushes (Lair:6)
  6 fungi
  34 plants
45 creatures vanquished.

Grand Total: 665 creatures vanquished

Notes
Turn   | Place    | Note
-------+----------+-------------------------------------------
     0 | D:1      | MrRokkomies the Tengu Venom Mage began the quest for the
                  | Orb.
     0 | D:1      | Reached XP level 1. HP: 10/10 MP: 4/4
   115 | D:1      | Reached XP level 2. HP: 10/16 MP: 4/6
   243 | D:1      | Learned a level 2 spell: Poisonous Vapours
   730 | D:1      | Reached XP level 3. HP: 13/20 MP: 7/7
  1413 | D:2      | Reached skill level 3 in Dodging
  1423 | D:2      | Reached skill level 1 in Fighting
  1728 | D:2      | Found an iron altar of Okawaru.
  1976 | D:2      | Found a stormy altar of Qazlal.
  2123 | D:2      | Reached XP level 4. HP: 21/25 MP: 8/8
  2756 | D:3      | Found a glowing drain.
  2763 | D:3      | Gained mutation: You can fly continuously. [Tengu growth]
  2763 | D:3      | Reached XP level 5. HP: 17/29 MP: 1/9
  2772 | Sewer    | Entered a sewer
  2828 | Sewer    | Learned a level 3 spell: Mephitic Cloud
  2832 | Sewer    | Learned a level 3 spell: Ignite Poison
  2878 | Sewer    | Noticed a big kobold
  2889 | Sewer    | Killed a big kobold
  2889 | Sewer    | Reached skill level 4 in Dodging
  2975 | Sewer    | Found a glowing silver altar of Zin.
  3285 | D:3      | Noticed an ogre
  3302 | D:3      | Killed an ogre
  3302 | D:3      | Reached XP level 6. HP: 35/35 MP: 7/11
  3658 | D:4      | Reached skill level 5 in Poison Magic
  3658 | D:4      | Reached XP level 7. HP: 40/40 MP: 1/12
  3689 | D:4      | Reached skill level 5 in Dodging
  4032 | D:4      | HP: 2/40 [something/magic dart (8)]
  4377 | D:5      | Entered Level 5 of the Dungeon
  4809 | D:5      | Found a shimmering blue altar of Sif Muna.
  4815 | D:5      | Became a worshipper of Sif Muna the Loreminder
  4870 | D:5      | Reached skill level 6 in Dodging
  4870 | D:5      | Reached XP level 8. HP: 34/46 MP: 8/14
  5339 | D:5      | Learned a level 4 spell: Olgreb's Toxic Radiance
  5823 | D:6      | Found a staircase to the Ecumenical Temple.
  6127 | D:6      | Reached skill level 7 in Dodging
  6160 | D:6      | Reached * piety under Sif Muna
  6197 | D:6      | Reached XP level 9. HP: 46/52 MP: 16/16
  7135 | D:7      | Reached skill level 8 in Dodging
  7264 | D:7      | Noticed Harold
  7393 | D:7      | Killed Harold
  7393 | D:7      | Reached skill level 5 in Fighting
  7393 | D:7      | Reached skill level 5 in Spellcasting
  7784 | D:8      | Reached skill level 9 in Dodging
  7784 | D:8      | Reached XP level 10. HP: 31/59 MP: 8/19
  7874 | D:8      | Reached ** piety under Sif Muna
  7929 | D:8      | Noticed Joseph
  7937 | D:8      | Killed Joseph
  8085 | D:8      | Noticed a two-headed ogre
  8097 | D:8      | Killed a two-headed ogre
  8097 | D:8      | Reached skill level 1 in Air Magic
  8097 | D:8      | Reached skill level 1 in Invocations
  8355 | D:8      | Found a white marble altar of Elyvilon.
  8446 | D:8      | Reached skill level 10 in Dodging
  8604 | D:8      | Found a staircase to the Lair.
  8888 | D:9      | Noticed a two-headed ogre
  8898 | D:9      | Killed a two-headed ogre
  8898 | D:9      | Reached XP level 11. HP: 66/66 MP: 9/20
  8976 | D:9      | Noticed Grum
  8983 | D:9      | Killed Grum
  9119 | D:9      | Noticed a two-headed ogre
  9131 | D:9      | Killed a two-headed ogre
  9131 | D:9      | Reached skill level 11 in Dodging
  9142 | D:9      | Reached *** piety under Sif Muna
  9192 | D:9      | Reached skill level 5 in Invocations
  9275 | D:9      | Reached skill level 5 in Air Magic
  9473 | D:9      | Found a staircase to the Orcish Mines.
  9674 | D:9      | Reached **** piety under Sif Muna
 10078 | Orc:1    | Entered Level 1 of the Orcish Mines
 10417 | Orc:1    | Found a runed translucent door.
 10498 | Orc:2    | Entered Level 2 of the Orcish Mines
 10498 | Orc:2    | Noticed an orc sorcerer
 10502 | Orc:2    | Killed an orc sorcerer
 10681 | Orc:2    | Reached skill level 12 in Dodging
 10702 | Orc:2    | Noticed an orc sorcerer
 10803 | Orc:2    | Killed an orc sorcerer
 10880 | Orc:2    | Reached XP level 12. HP: 57/73 MP: 16/21
 11585 | Orc:2    | Reached ***** piety under Sif Muna
 11882 | Orc:2    | Found Xoazxyvoxt's Magic Scroll Shop.
 11882 | Orc:2    | Found Anacunitt's Magic Scroll Shoppe.
 11882 | Orc:2    | Found Vioceh's Gadget Emporium.
 11885 | Orc:2    | Found Osesi's Armour Boutique.
 11889 | Orc:2    | Bought a scroll of acquirement for 676 gold pieces
 11889 | Orc:2    | Acquired a +2 antimagic double sword
 11894 | Orc:2    | Bought a condenser vane (2/2) for 240 gold pieces
 11989 | Orc:2    | Identified Sif Muna's Tome of Shifting Curses (Sif Muna
                  | gifted it to you on level 2 of the Orcish Mines)
 11989 | Orc:2    | Received a gift from Sif Muna
 12190 | Orc:2    | Found Cuseamo Umna's Weapon Shop.
 12192 | Orc:2    | Found a staircase to the Elven Halls.
 12751 | Lair:1   | Entered Level 1 of the Lair of Beasts
 12778 | Lair:1   | Reached skill level 13 in Dodging
 13178 | Lair:1   | Noticed a four-headed hydra
 13185 | Lair:1   | Killed a three-headed hydra
 13405 | Lair:1   | Found a dark tunnel.
 13410 | Volcano  | Entered a volcano
 13438 | Volcano  | Found a burning altar of Makhleb.
 13439 | Volcano  | Noticed a hell knight
 13666 | Volcano  | Killed a hell knight
 14073 | Lair:1   | Reached XP level 13. HP: 43/80 MP: 14/24
 14361 | Lair:1   | Reached XP level 14. HP: 86/86 MP: 24/27
 14404 | Lair:2   | Reached skill level 10 in Invocations
 14822 | Lair:2   | Found a gate leading to a gauntlet.
 14950 | Lair:2   | Found a staircase to the Swamp.
 15777 | Lair:3   | Reached skill level 10 in Fighting
 15798 | Lair:3   | Got a shimmering leather armour
 15809 | Lair:3   | Identified the +3 leather armour of True Grit {-Tele *Slow
                  | rN+++ rCorr} (You found it on level 3 of the Lair of
                  | Beasts)
 16435 | Lair:4   | Found a staircase to the Snake Pit.
 16756 | Lair:4   | Noticed Rupert
 16844 | Lair:4   | Noticed Nergalle
 16848 | Lair:4   | Reached skill level 1 in Conjurations
 16855 | Lair:4   | Killed Nergalle
 16989 | Lair:4   | Identified Sif Muna's Reference Book on Cloudy Attacks (Sif
                  | Muna gifted it to you on level 4 of the Lair of Beasts)
 16989 | Lair:4   | Received a gift from Sif Muna
 17219 | Lair:5   | Reached skill level 10 in Spellcasting
 18217 | Lair:6   | Entered Level 6 of the Lair of Beasts
 18434 | Lair:5   | Reached skill level 5 in Conjurations
 18503 | Lair:5   | Learned a level 3 spell: Static Discharge
 18509 | Lair:5   | Learned a level 5 spell: Lightning Bolt
 18542 | Lair:6   | Reached XP level 15. HP: 68/93 MP: 22/30
 18970 | Lair:6   | Identified Sif Muna's Wizardry, Part Four (Sif Muna gifted
                  | it to you on level 6 of the Lair of Beasts)
 18970 | Lair:6   | Received a gift from Sif Muna
 18977 | Lair:6   | Learned a level 4 spell: Airstrike
 20028 | Lair:6   | Got a distressingly furry leather armour
 20039 | Lair:6   | Identified the cursed +1 leather armour of the Earth {rF+
                  | rN+} (You found it on level 6 of the Lair of Beasts)
 20042 | Lair:6   | Noticed Snorg
 20048 | Lair:6   | Killed Snorg
 20310 | Lair:6   | Mangled by a five-headed hydra

Illustrated notes

Levels and vault maps discovered:
D:1:      minmay_arrival_four_houses, layout_loops_corners
D:2:      layout_rooms, grunt_qazlal_clouds, okawaru_ov_weapons_minmay,
          due_unseen_surprise
D:3:      layout_basic, portal_sewer_entry_d
D:4:      layout_gridville
D:5:      layout_layer_cave, led_sif_pool
D:6:      layout_basic, minmay_temple_entry_statues, kennysheep_generic_room_12
D:7:      layout_basic, uniq_harold
D:8:      layout_rooms, kennysheep_mini, erik_lair_dragon, uniq_joseph
D:9:      cheibrodos_fzero, layout_small_grid, zombieorc2_lemuel, uniq_grum
Lair:1:   layout_regular_city, enter_volcano_4, grunt_megastairs_4,
          infiniplex_staircase_pool, serial_bayou_shore_b
Lair:2:   layout_hall_layers, minmay_swamp_entry_eels, gauntlet_entry_generic,
          grunt_megastairs_2
Lair:3:   layout_gridlike
Lair:4:   layout_gridlike, minmay_snake_entry_guardpost_small, st_stairs_4,
          patterned_corridor, uniq_rupert, uniq_nergalle
Lair:5:   layout_roguey, st_stairs_10, chequers_serial_rivers_room_b
Lair:6:   minmay_lair_end_enchanted_forest, layout_loops_ring,
          minmay_slime_entry_pillars, serial_forest,
          infiniplex_forest_lined_room_3, infiniplex_forest_end_3,
          infiniplex_forest_clump_small, infiniplex_forest_clump_medium,
          infiniplex_forest_end_3, infiniplex_forest_pool,
          infiniplex_forest_clump_small, infiniplex_forest_end_3,
          infiniplex_forest_clump_large, minivault_24, uniq_snorg
Orc:1:    layout_diamond_mine, lightli_church_of_beogh
Orc:2:    st_orc_rangers, layout_caves, serial_shops, shop

Skill      XL: |  1  2  3  4  5  6  7  8  9 10 11 12 13 14 15 |
---------------+----------------------------------------------+-----
Dodging        | 3 4 6 7 9 10 12 13 | 13.0
Fighting       | 1 2 3 4 5 6 7 9 10 11 | 11.3
Poison Magic   | 4 5 7 8 9 |  9.0
Spellcasting   | 3 4 5 7 8 10 | 10.0
Air Magic      | 4 5 8 |  8.5
Invocations    | 4 6 9 11 12 | 12.3
Conjurations   | 5 8 |  8.5
Stealth        | |  2.0
Transmutations | |  0.7

Action                   |  1- 3 |  4- 6 |  7- 9 | 10-12 | 13-15 || total
-------------------------+-------+-------+-------+-------+-------++-------
Melee: Dagger            |    98 |       |       |       |       ||    98
       Kick              |    23 |     9 |    28 |    92 |   182 ||   334
       Peck              |    15 |    12 |    33 |    62 |   124 ||   246
       Unarmed           |     1 |       |       |       |       ||     1
       Mace              |     6 |    38 |       |       |       ||    44
       Long sword        |       |    42 |    21 |       |       ||    63
       War axe           |       |       |   171 |   322 |       ||   493
       Rapier            |       |       |       |    29 |   586 ||   615
       Battleaxe         |       |       |       |     1 |     7 ||     8
 Cast: Sting             |    28 |    31 |    12 |     4 |     3 ||    78
       Poisonous Vapours |       |    11 |    23 |    56 |    33 ||   123
       Mephitic Cloud    |       |     1 |     3 |    15 |    45 ||    64
       Ignite Poison     |       |     1 |     2 |    38 |    71 ||   112
       Olgreb's Toxic Ra |       |       |     8 |    38 |    54 ||   100
Invok: Channel Magic     |       |       |       |       |     1 ||     1
 Abil: Fly               |       |     1 |       |       |       ||     1
Evoke: Condenser vane    |       |       |       |     1 |     2 ||     3
       Wand              |       |       |       |       |     2 ||     2
  Use: Scroll            |       |     9 |     6 |     5 |     8 ||    28
       Potion            |       |       |     2 |     5 |     2 ||     9
 Stab: Sleeping          |     6 |     1 |     5 |       |       ||    12
       Distracted        |       |       |     1 |     1 |       ||     2
       Confused          |       |       |       |     1 |     2 ||     3
Armor: Robe              |    15 |    37 |    28 |     3 |       ||    83
       Ring mail         |       |       |       |    83 |       ||    83
       Leather armour    |       |       |       |     4 |    82 ||    86
Dodge: Dodged            |    89 |    99 |   216 |   490 |  1081 ||  1975
       Rpst.: Long sword |       |    25 |     2 |       |       ||    27

Table legend: (Time is in decaauts)
 A = Elapsed time spent in this place.
 B = Non-inter-level travel time spent in this place.
 C = Inter-level travel time spent in this place.
 D = Time resting spent in this place.
 E = Time spent auto-exploring this place.
 F = Levels seen in this place.
 G = Mean time per level.
                   A        B        C        D        E       F      G
               +--------+--------+--------+--------+--------+-----+--------+
         Total |  19900 |  19430 |    470 |   2269 |  12738 |  19 | 1047.4 |
       Dungeon |   9691 |   9352 |    339 |    532 |   6837 |   9 | 1076.8 |
          Lair |   6888 |   6802 |     86 |    671 |   4460 |   6 | 1148.0 |
  Orcish Mines |   2505 |   2460 |     45 |    817 |   1177 |   2 | 1252.5 |
         Sewer |    334 |    334 |      0 |     35 |    193 |   1 |  334.0 |
       Volcano |    480 |    480 |      0 |    212 |     69 |   1 |  480.0 |
               +--------+--------+--------+--------+--------+-----+--------+

Top non-repeatable levels by time:
  Lair:6: 1808 daAuts
   Orc:2: 1649 daAuts
     D:1: 1398 daAuts
     D:9: 1361 daAuts
     D:5: 1300 daAuts
  Lair:5: 1270 daAuts
  Lair:1: 1097 daAuts
     D:8: 1069 daAuts
  Lair:3: 1010 daAuts
     D:6: 1000 daAuts
     D:3: 906 daAuts
     D:4: 901 daAuts
     D:7: 896 daAuts
  Lair:4: 869 daAuts
     D:2: 857 daAuts
